[Event "Titled Tuesday Blitz November 07 Late 2023"]
[White "WindWhistler11"]
[Black "Kopacz, Grzegorz"]
[BlackFideId "1109880"]
[WhiteElo "2425"]
[BlackElo "2224"]
[Result "1/2-1/2"]
[Round "3"]
[TimeControl "180+1"]
[Date "2023.11.07"]
[WhiteClock "0:00:14"]
[BlackClock "0:00:09"]
[Board "131"]

1. Nf3 c5 2. d3 Nc6 3. Nbd2 g6 4. e4 Bg7 5. g3 e6 6. Bg2 Nge7 7. O-O O-O 8. c3 d6 9. Re1 b6 10. h4 Bb7 11. Nf1 d5 12. N1h2 dxe4 13. Rxe4 Qd5 14. Ng5 Qd7 15. Qc2 Rad8 16. Bf1 Ne5 17. Re3 Nf5 18. Re1 Nxd3 19. Rd1 Qc6 20. Ngf3 Nxc1 21. Raxc1 h5 22. a4 Nh6 23. Bb5 Qe4 24. Qxe4 Bxe4 25. Nd2 Bb7 26. a5 Ng4 27. Nxg4 hxg4 28. Nc4 Bf3 29. Re1 Bd5 30. Ne3 Bh6 31. Nxg4 Bxc1 32. Rxc1 Bf3 33. Ne5 Bb7 34. Bc6 Bxc6 35. Nxc6 Rd7 36. a6 Rc8 37. Ne5 Rd2 38. Nc4 Rd7 39. Ne5 Rd2 40. Nc4 Rd7 41. Kg2 f6 42. Kf3 Kf7 43. Rh1 Rh8 44. g4 e5 45. g5 Ke6 46. Kg4 f5+ 47. Kg3 e4 48. Re1 Rd3+ 49. Ne3 Ke5 50. Kg2 Rxh4 51. Nc4+ Ke6 52. Ra1 Rg4+ 53. Kf1 Rh4 54. Ke2 Rh2 55. Nxb6 axb6 56. a7 Rd8 57. a8=Q Rxa8 58. Rxa8 f4 59. Rf8 e3 60. Rxf4 Rxf2+ 61. Kxe3 Rxf4 62. Kxf4 Kd5 63. b3 b5 64. Ke3 Ke5 65. b4 cxb4 66. cxb4 Kf5 67. Kd4 Kxg5 68. Kc5 Kf5 69. Kxb5 g5 70. Kc6 g4 71. b5 g3 72. b6 g2 73. b7 g1=Q 74. b8=Q Qc1+ 75. Kd7 Qd2+ 76. Ke8 Qe3+ 77. Kf7 Qe6+ 78. Kf8 Qf6+ 79. Kg8 Qg6+ 80. Kh8 Qh6+ 81. Kg8 Qg6+ 82. Kh8 Qh6+ 83. Kg8 Qg6+ 1/2-1/2


[Site "https://www.chess.com"]

[Event "Titled Tuesday Blitz November 07 Late 2023"]
[White "Marchesich, Giovanni"]
[Black "Smirnov, Timofey"]
[WhiteFideId "2824790"]
[BlackFideId "24176427"]
[WhiteElo "2417"]
[BlackElo "2159"]
[Result "1-0"]
[Round "3"]
[TimeControl "180+1"]
[Date "2023.11.07"]
[WhiteClock "0:00:43"]
[BlackClock "0:00:00"]
[Board "132"]

1. d4 d5 2. Nc3 Nf6 3. Bf4 a6 4. e3 e6 5. g4 h6 6. h4 Bd6 7. Bg2 Bxf4 8. exf4 Nc6 9. g5 hxg5 10. fxg5 Nh5 11. Nge2 g6 12. Qd3 Nb4 13. Qd2 Nc6 14. O-O-O Bd7 15. Rhe1 Qe7 16. Bxd5 exd5 17. Nf4 Be6 18. Ncxd5 Qd6 19. Nxh5 gxh5 20. Nf6+ Kd8 21. d5 Bg4 22. dxc6 Bxd1 23. cxb7 Qxd2+ 24. Kxd2 Rb8 25. Rxd1 Rxb7 26. Kc3+ Kc8 27. Rd7 c6 28. Rxb7 Kxb7 29. f4 Kc7 30. f5 Kd6 31. g6 fxg6 32. fxg6 Ke6 33. g7 Ra8 34. g8=Q+ Rxg8 35. Nxg8 Kf7 36. Nh6+ 1-0


[Site "https://www.chess.com"]

[Event "Titled Tuesday Blitz November 07 Late 2023"]
[White "Zakarian, David"]
[Black "Aung Thant Zin"]
[WhiteFideId "13301276"]
[BlackFideId "13000063"]
[WhiteElo "2414"]
[BlackElo "2006"]
[Result "0-1"]
[Round "3"]
[TimeControl "180+1"]
[Date "2023.11.07"]
[WhiteClock "0:01:26"]
[BlackClock "0:00:42"]
[Board "133"]

1. d4 Nf6 2. c4 e6 3. Nf3 b6 4. a3 Bb7 5. Nc3 d5 6. cxd5 Nxd5 7. Qc2 Be7 8. e4 Nxc3 9. bxc3 O-O 10. Bd3 Nd7 11. O-O c5 12. Be3 h6 13. Rfd1 Qc7 14. Rac1 Rfd8 15. Qe2 Nf8 16. Ne5 Rac8 17. Qg4 Bd6 18. Bxh6 Bxe5 19. dxe5 Qxe5 20. f4 Qf6 21. Bg5 Qg6 22. e5 Rxd3 23. Rxd3 Qxd3 24. Rd1 Qf5 25. Qg3 Bd5 26. h4 c4 27. h5 Nd7 28. Bh6 g6 29. hxg6 Qxg6 30. Bg5 Nc5 31. Qh4 Qc2 32. Re1 Qxg2# 0-1


[Site "https://www.chess.com"]

[Event "Titled Tuesday Blitz November 07 Late 2023"]
[White "Oglaza, Oskar"]
[Black "Flameboard08"]
[WhiteFideId "1194402"]
[WhiteElo "2410"]
[BlackElo "2602"]
[Result "1-0"]
[Round "3"]
[TimeControl "180+1"]
[Date "2023.11.07"]
[WhiteClock "0:00:30"]
[BlackClock "0:00:00"]
[Board "134"]

1. e4 b6 2. d4 Bb7 3. Nc3 e6 4. Bd3 Nf6 5. Qe2 Bb4 6. Bd2 d5 7. exd5 Bxc3 8. Bxc3 Nxd5 9. Bd2 Nc6 10. Nf3 Ncb4 11. Be4 Nc6 12. O-O Nf6 13. Bg5 O-O 14. Rad1 h6 15. Bxf6 Qxf6 16. Ne5 Na5 17. b4 Qf4 18. f3 f5 19. Bxb7 Nxb7 20. Ng6 Qd6 21. Nxf8 Rxf8 22. c3 a5 23. a3 Re8 24. Rfe1 Kh7 25. d5 e5 26. Qb5 Re7 27. Qc6 Nd8 28. Qxd6 cxd6 29. c4 Rc7 30. Rc1 axb4 31. axb4 Nf7 32. Re2 g5 33. Rec2 h5 34. c5 bxc5 35. bxc5 Rd7 36. c6 Rc7 37. Rb2 Nd8 38. Rb8 Nf7 39. Rb7 1-0


[Site "https://www.chess.com"]

[Event "Titled Tuesday Blitz November 07 Late 2023"]
[White "Elbebiber"]
[Black "Wartiovaara, Oliver"]
[BlackFideId "513024"]
[WhiteElo "2108"]
[BlackElo "2528"]
[Result "0-1"]
[Round "3"]
[TimeControl "180+1"]
[Date "2023.11.07"]
[WhiteClock "0:00:11"]
[BlackClock "0:00:12"]
[Board "135"]

1. f4 d5 2. Nf3 g6 3. e3 Bg7 4. Bb5+ c6 5. Be2 Nh6 6. O-O Nf5 7. d4 O-O 8. Bd3 c5 9. c3 Nc6 10. Qe2 c4 11. Bc2 Nd6 12. Ne5 Bf5 13. Bxf5 gxf5 14. Nd2 e6 15. Ndf3 Nxe5 16. dxe5 Ne4 17. Nd4 Qd7 18. Bd2 f6 19. exf6 Bxf6 20. Be1 Kh8 21. Kh1 Rg8 22. Rg1 Rg4 23. Nf3 Rag8 24. Nd2 Nc5 25. Rd1 Nd3 26. Nf3 Qa4 27. a3 Qb5 28. Rd2 Qc6 29. Nd4 Qd7 30. Nf3 Nc5 31. Bg3 Ne4 32. Be1 Nxd2 33. Bxd2 b5 34. Be1 a5 35. Bg3 Rb8 36. Qd2 b4 37. axb4 axb4 38. Ne5 Bxe5 39. fxe5 bxc3 40. Qxc3 Rxg3 41. hxg3 Qg7 42. Rf1 Qxg3 43. Kg1 Rb3 44. Qa5 Qxe3+ 45. Kh1 Qh6+ 46. Kg1 Rb8 47. Qc7 Rg8 48. Qe7 Qe3+ 49. Rf2 Qxe5 50. Qf7 d4 51. Rf3 d3 52. Rf1 Qd4+ 53. Kh2 Qh4+ 54. Kg1 Qd4+ 55. Kh1 Qg7 56. Qxe6 Qxg2# 0-1


[Site "https://www.chess.com"]

[Event "Titled Tuesday Blitz November 07 Late 2023"]
[White "Colivet Gamboa, Julio Cesar"]
[Black "Sreyas Payyappat"]
[WhiteFideId "3949583"]
[BlackFideId "46674969"]
[WhiteElo "2297"]
[BlackElo "2499"]
[Result "0-1"]
[Round "3"]
[TimeControl "180+1"]
[Date "2023.11.07"]
[WhiteClock "0:00:00"]
[BlackClock "0:01:06"]
[Board "137"]

1. c4 c5 2. Nc3 Nc6 3. g3 Nf6 4. Bg2 g6 5. e4 Bg7 6. Nge2 d6 7. O-O O-O 8. d3 Ng4 9. h3 Nge5 10. Be3 f5 11. Rc1 Kh8 12. b3 Be6 13. d4 cxd4 14. Nxd4 Nxd4 15. Bxd4 Qd7 16. f4 Nc6 17. Bxg7+ Kxg7 18. exf5 Bxf5 19. g4 Be6 20. Re1 Rxf4 21. Nd5 Rf7 22. Qd3 Raf8 23. Qc3+ Kg8 24. Qe3 Ne5 25. c5 Bxg4 26. hxg4 Qxg4 27. Qh3 Qd4+ 28. Kh1 Nd3 29. Nxe7+ Rxe7 30. Rxe7 Nf2+ 0-1


[Site "https://www.chess.com"]

[Event "Titled Tuesday Blitz November 07 Late 2023"]
[White "Osmak, Yuliia"]
[Black "ilya2700"]
[WhiteFideId "14101602"]
[WhiteElo "2498"]
[BlackElo "2297"]
[Result "1-0"]
[Round "3"]
[TimeControl "180+1"]
[Date "2023.11.07"]
[WhiteClock "0:01:00"]
[BlackClock "0:00:00"]
[Board "138"]

1. e4 c5 2. Nf3 e6 3. g3 d5 4. exd5 exd5 5. d4 Nc6 6. Bg2 Bg4 7. O-O Bd6 8. dxc5 Bxc5 9. Nc3 Nge7 10. h3 Bh5 11. Bg5 f6 12. Bf4 O-O 13. g4 Bf7 14. a3 Qd7 15. Re1 Rad8 16. Qd2 Ng6 17. Bg3 Rfe8 18. Rxe8+ Rxe8 19. Rd1 Rd8 20. Nb5 Nge5 21. Nfd4 Nc4 22. Qc3 N6e5 23. b3 Bxd4 24. Nxd4 Nxa3 25. Qa5 Nc6 26. Qxa3 1-0


[Site "https://www.chess.com"]

[Event "Titled Tuesday Blitz November 07 Late 2023"]
[White "Osmonbekov, Talaibek"]
[Black "Hajiyev, Kanan"]
[WhiteFideId "2017253"]
[BlackFideId "13404148"]
[WhiteElo "2292"]
[BlackElo "2493"]
[Result "1-0"]
[Round "3"]
[TimeControl "180+1"]
[Date "2023.11.07"]
[WhiteClock "0:00:09"]
[BlackClock "0:00:19"]
[Board "139"]

1. d4 d5 2. Nc3 c6 3. Bf4 a6 4. e4 Nf6 5. e5 Ne4 6. Nxe4 dxe4 7. Bc4 b5 8. Bb3 a5 9. a4 b4 10. e6 Bxe6 11. Bxe6 fxe6 12. Be5 Nd7 13. Nh3 Nxe5 14. dxe5 Qxd1+ 15. Rxd1 Rd8 16. Rxd8+ Kxd8 17. Ng5 Kd7 18. Ke2 g6 19. Rd1+ Kc8 20. Nf7 Rg8 21. Rd8+ Kc7 22. Ra8 Kb7 23. Re8 Kc7 24. Ng5 Kd7 25. Ra8 h6 26. Nh7 c5 27. Nxf8+ Kc6 28. Rd8 c4 29. Ke3 g5 30. Nxe6 Rg6 31. Nd4+ Kc7 32. Rd5 Kb6 33. Rb5+ Ka6 34. Kxe4 g4 35. e6 Rf6 36. Rf5 Rg6 37. g3 Kb6 38. Kd5 c3 39. b3 Rg8 40. Ke4 Rg6 41. Rb5+ Ka6 42. Rd5 Rf6 43. Ke3 Kb6 44. Rd7 Kc5 45. Rxe7 h5 46. Rh7 Rf8 47. Rxh5+ Kd6 48. Rxa5 Rh8 49. Rg5 Rxh2 50. Rxg4 Rh1 51. Rg7 Re1+ 52. Kd3 Rd1+ 53. Kc4 Ke5 54. Rg5+ Kf6 55. Rf5+ Kg6 56. e7 Re1 57. Kxb4 Rxe7 58. Kxc3 Re4 59. Kd3 Re7 60. a5 Rc7 61. b4 Ra7 62. Rc5 Kf6 63. a6 Ra8 64. b5 Ke7 65. Rc6 Kd7 66. f4 Rf8 67. f5 Rg8 68. a7 Rxg3+ 69. Kc4 Ra3 70. Ra6 1-0


[Site "https://www.chess.com"]

[Event "Titled Tuesday Blitz November 07 Late 2023"]
[White "Dylag, Emilia"]
[Black "Sepulveda Rojas, Jorge"]
[WhiteFideId "21805172"]
[BlackFideId "3404803"]
[WhiteElo "2285"]
[BlackElo "2481"]
[Result "0-1"]
[Round "3"]
[TimeControl "180+1"]
[Date "2023.11.07"]
[WhiteClock "0:00:01"]
[BlackClock "0:00:30"]
[Board "141"]

1. d4 e6 2. c4 Nf6 3. g3 c5 4. d5 exd5 5. cxd5 d6 6. Bg2 Be7 7. Nc3 O-O 8. Nf3 Bf5 9. O-O Re8 10. Nh4 Bg6 11. Nxg6 hxg6 12. e4 Nfd7 13. f4 Na6 14. Re1 Bf6 15. Be3 Rb8 16. a4 Nb4 17. Nb5 Qb6 18. Nc3 a6 19. a5 Qc7 20. h4 b6 21. Bh3 b5 22. Qg4 Nf8 23. Re2 Nd3 24. Rf1 Qxa5 25. h5 gxh5 26. Qxh5 g6 27. Qg4 Nxb2 28. e5 Qxc3 29. Bd2 Qd4+ 30. Be3 Qxd5 31. exf6 Nc4 32. Qh4 Nh7 33. Qh6 Nxf6 34. f5 Qe4 35. fxg6 Qxg6 36. Qxg6+ fxg6 37. Rxf6 Rxe3 38. Be6+ Kg7 39. Rf7+ Kh6 40. Bxc4 Rxe2 41. Bxe2 b4 42. Rd7 Rb6 43. Rxd6 Rxd6 0-1


[Site "https://www.chess.com"]

[Event "Titled Tuesday Blitz November 07 Late 2023"]
[White "MclarenF1LM"]
[Black "De Souza, Cristiano Gomes"]
[BlackFideId "2151758"]
[WhiteElo "2479"]
[BlackElo "2285"]
[Result "1-0"]
[Round "3"]
[TimeControl "180+1"]
[Date "2023.11.07"]
[WhiteClock "0:00:19"]
[BlackClock "0:00:43"]
[Board "142"]

1. e4 c5 2. Nc3 d6 3. g3 Nc6 4. Bg2 g6 5. d3 Bg7 6. Nge2 e6 7. O-O Nge7 8. f4 Nd4 9. Be3 Nec6 10. g4 O-O 11. Ng3 f5 12. gxf5 exf5 13. Qd2 Be6 14. Nd5 Bxd5 15. exd5 Ne7 16. a4 b5 17. axb5 Nxb5 18. c3 a5 19. Bf2 a4 20. d4 cxd4 21. c4 Nc7 22. Bxd4 Na6 23. Rxa4 Nc5 24. Rxa8 Qxa8 25. b4 Nb3 26. Qe2 Bxd4+ 27. Kh1 Bf6 28. Qe6+ Kg7 29. Qxd6 Nd2 30. Re1 Rf7 31. Qc5 Ne4 32. Nxe4 fxe4 33. Bxe4 Nf5 34. d6 Qb8 35. Bxf5 gxf5 36. Qd5 Qxb4 37. Rg1+ Kf8 38. c5 Qxf4 39. Qa8+ 1-0


[Site "https://www.chess.com"]

[Event "Titled Tuesday Blitz November 07 Late 2023"]
[White "Minina, Veronika"]
[Black "Minko, Dmitry"]
[WhiteFideId "4174780"]
[BlackFideId "24188468"]
[WhiteElo "2281"]
[BlackElo "2473"]
[Result "1-0"]
[Round "3"]
[TimeControl "180+1"]
[Date "2023.11.07"]
[WhiteClock "0:01:04"]
[BlackClock "0:01:10"]
[Board "143"]

1. Nf3 d5 2. g3 Nf6 3. Bg2 e6 4. c4 dxc4 5. Na3 Bxa3 6. bxa3 O-O 7. a4 Re8 8. Ba3 Nc6 9. O-O e5 10. Qc1 Be6 11. Ng5 Bd5 12. e4 Be6 13. Nxe6 Rxe6 14. Qxc4 Qxd2 15. Rfd1 Qa5 16. Rab1 Rb8 17. Rb5 Qa6 18. Bf1 h6 19. Rdb1 Nd4 20. Qxc7 Rbe8 21. Rxb7 1-0


[Site "https://www.chess.com"]

[Event "Titled Tuesday Blitz November 07 Late 2023"]
[White "Haitin, Ilja"]
[Black "Dodaro, Mattia"]
[WhiteFideId "4501764"]
[BlackFideId "28583400"]
[WhiteElo "2428"]
[BlackElo "2263"]
[Result "1-0"]
[Round "3"]
[TimeControl "180+1"]
[Date "2023.11.07"]
[WhiteClock "0:00:55"]
[BlackClock "0:00:23"]
[Board "145"]

1. Nf3 g6 2. e4 c5 3. d4 Bg7 4. dxc5 Qa5+ 5. c3 Qxc5 6. Na3 d6 7. Nb5 a6 8. Be3 Qc6 9. Nbd4 Qc7 10. Bd3 Nf6 11. h3 O-O 12. O-O Nc6 13. Qe2 b6 14. Nxc6 Qxc6 15. Nd4 Qc7 16. f4 Bb7 17. Bf2 Nd7 18. Rae1 Nc5 19. Bb1 e6 20. f5 Be5 21. Nf3 exf5 22. Nxe5 dxe5 23. exf5 Rae8 24. f6 Kh8 25. Qe3 Re6 26. Qh6 Rg8 27. Be3 Qd8 28. Rd1 Qa8 29. Bxc5 bxc5 30. Rd7 1-0


[Site "https://www.chess.com"]

[Event "Titled Tuesday Blitz November 07 Late 2023"]
[White "Harish, Neeraj"]
[Black "Su, Dion"]
[WhiteFideId "30958130"]
[BlackFideId "2029731"]
[WhiteElo "2256"]
[BlackElo "2425"]
[Result "1-0"]
[Round "3"]
[TimeControl "180+1"]
[Date "2023.11.07"]
[WhiteClock "0:00:04"]
[BlackClock "0:00:18"]
[Board "146"]

1. e4 Nc6 2. Nf3 d6 3. d4 Nf6 4. Nc3 a6 5. Bd3 g6 6. O-O Bg7 7. h3 O-O 8. Be3 e6 9. Qd2 b5 10. Ne2 Bb7 11. c3 e5 12. d5 Ne7 13. a4 c6 14. axb5 axb5 15. dxc6 Bxc6 16. Ng3 Qc7 17. Bc2 d5 18. exd5 Nexd5 19. Bc5 Rfd8 20. Qe2 Nd7 21. b4 Nf4 22. Qe1 Nxh3+ 23. Kh2 Nf4 24. Be3 Nd5 25. Bb3 Rxa1 26. Qxa1 Nxe3 27. fxe3 e4 28. Ng5 Be5 29. Rxf7 Bxg3+ 30. Kg1 Qb6 31. Rxd7+ Kf8 32. Qf1+ Ke8 33. Qf7# 1-0


[Site "https://www.chess.com"]

[Event "Titled Tuesday Blitz November 07 Late 2023"]
[White "Cooper, Aaron"]
[Black "Martins, Vinicius Tine"]
[WhiteFideId "2634945"]
[BlackFideId "2112884"]
[WhiteElo "2253"]
[BlackElo "2399"]
[Result "0-1"]
[Round "3"]
[TimeControl "180+1"]
[Date "2023.11.07"]
[WhiteClock "0:00:00"]
[BlackClock "0:00:03"]
[Board "147"]

1. b4 e6 2. Bb2 Nf6 3. a3 c5 4. b5 d5 5. e3 Be7 6. Nf3 Nbd7 7. c4 dxc4 8. Bxc4 b6 9. O-O Bb7 10. Nc3 Rc8 11. Re1 O-O 12. Rc1 Nd5 13. e4 Nf4 14. Ne2 Ng6 15. d3 Bf6 16. Nc3 Nde5 17. Nxe5 Nxe5 18. Qe2 Nxc4 19. dxc4 Bd4 20. Rcd1 e5 21. Nd5 Bxd5 22. cxd5 f5 23. Bxd4 exd4 24. exf5 Rxf5 25. Qe6+ Rf7 26. d6 Qd7 27. Qd5 Rd8 28. Re7 Qf5 29. Qc4 Qxf2+ 30. Kh1 h6 31. h3 Rf8 32. Rxa7 Kh8 33. Rxf7 Qxf7 34. Qxf7 Rxf7 35. Re1 Rd7 36. Re8+ Kh7 37. Re6 d3 38. Kg1 c4 39. Kf2 c3 40. Ke3 c2 0-1


[Site "https://www.chess.com"]

[Event "Titled Tuesday Blitz November 07 Late 2023"]
[White "Gertler, David"]
[Black "Lalanne, Pablo"]
[WhiteFideId "2017377"]
[BlackFideId "112151"]
[WhiteElo "2253"]
[BlackElo "2398"]
[Result "1-0"]
[Round "3"]
[TimeControl "180+1"]
[Date "2023.11.07"]
[WhiteClock "0:00:13"]
[BlackClock "0:00:14"]
[Board "148"]

1. e4 e5 2. Nf3 Nc6 3. Bb5 a6 4. Ba4 Nf6 5. d4 b5 6. dxe5 Nxe4 7. Bb3 Nc5 8. Bd5 Be7 9. O-O Rb8 10. Nc3 Nb4 11. Bb3 O-O 12. Bf4 Bb7 13. a3 Nxb3 14. cxb3 Nc6 15. Nd5 Na5 16. Rc1 Bxd5 17. Qxd5 c6 18. Qd3 Nb7 19. Rfd1 Nc5 20. Qe3 Ne6 21. Bg3 Rb7 22. Nd2 f5 23. exf6 Bxf6 24. Ne4 Bxb2 25. Rc2 Bxa3 26. Bd6 Rf5 27. Bxa3 d5 28. Ng3 Rf6 29. Rxc6 d4 30. Qe5 Qd7 31. Rd6 Qf7 32. R1xd4 h6 33. Ne4 Rg6 34. R4d5 Nf4 35. Rd2 Nxg2 36. Ng3 Nf4 37. Rxg6 Nxg6 38. Rd8+ Kh7 39. Qe4 Rc7 40. Rd6 Rc3 41. h4 h5 42. Nxh5 Rxb3 43. Nf4 Rb1+ 44. Kg2 Qxf4 45. Qxg6+ Kg8 46. Rd8+ Qf8 47. Rxf8# 1-0


[Site "https://www.chess.com"]

[Event "Titled Tuesday Blitz November 07 Late 2023"]
[White "Broca Jimenez, Fernando"]
[Black "Gerbelli Neto, Eduardo"]
[WhiteFideId "5104742"]
[BlackFideId "2103281"]
[WhiteElo "2246"]
[BlackElo "2388"]
[Result "0-1"]
[Round "3"]
[TimeControl "180+1"]
[Date "2023.11.07"]
[WhiteClock "0:00:45"]
[BlackClock "0:01:47"]
[Board "149"]

1. e4 e5 2. Nf3 Nc6 3. Bb5 a6 4. Ba4 d6 5. O-O Bg4 6. c3 Qf6 7. d3 Ne7 8. Nbd2 g5 9. Re1 Bd7 10. d4 g4 11. dxe5 dxe5 12. Kh1 gxf3 13. Nxf3 O-O-O 14. Qc2 Rg8 15. Be3 Qg6 16. Rg1 f5 17. Nh4 Qg4 18. Nxf5 Nxf5 19. exf5 Bxf5 20. Qb3 Be4 21. Bxc6 Bxc6 22. h3 Qxh3# 0-1


[Site "https://www.chess.com"]

[Event "Titled Tuesday Blitz November 07 Late 2023"]
[White "claudiuprunescu"]
[Black "Melikhov, Evgeny V."]
[BlackFideId "4122046"]
[WhiteElo "2198"]
[BlackElo "2387"]
[Result "1/2-1/2"]
[Round "3"]
[TimeControl "180+1"]
[Date "2023.11.07"]
[WhiteClock "0:00:20"]
[BlackClock "0:00:09"]
[Board "150"]

1. d4 Nf6 2. c4 e6 3. Nf3 d5 4. Nc3 Bb4 5. cxd5 exd5 6. Bg5 h6 7. Bxf6 Qxf6 8. Qb3 c5 9. e3 O-O 10. dxc5 Bxc3+ 11. Qxc3 Qxc3+ 12. bxc3 Be6 13. Bb5 Rc8 14. Nd4 Rxc5 15. Kd2 a6 16. Ba4 b5 17. Bb3 Nc6 18. a4 bxa4 19. Rxa4 Rb8 20. Rb1 Nxd4 21. cxd4 Rcb5 22. Ra3 a5 23. Kc3 Rc8+ 24. Kd2 Rcb8 25. Kc3 g5 26. Rba1 Kg7 27. Bc2 Rc8+ 28. Kd2 Rb2 29. Rc3 Ra8 30. Rc5 Bf5 31. Kc1 Rxc2+ 32. Rxc2 Bxc2 33. Kxc2 f5 34. Rb1 f4 35. Rb5 a4 36. Rxd5 a3 37. Kb1 Rb8+ 38. Ka1 Rb2 39. exf4 gxf4 40. f3 Rxg2 41. Rf5 Rxh2 42. Rxf4 Rd2 43. Re4 h5 44. Re3 a2 45. Re4 Kf6 46. d5 Kf5 47. Rh4 Kg5 48. Re4 Rxd5 49. Kxa2 Rd3 50. f4+ Kg6 51. Re6+ Kf5 52. Re5+ Kg6 53. Re6+ Kg7 54. Kb2 h4 55. Kc2 Rf3 56. Kd2 Rxf4 57. Ke3 Rf6 58. Rxf6 Kxf6 59. Kf4 h3 60. Kg3 h2 61. Kxh2 1/2-1/2


[Site "https://www.chess.com"]

[Event "Titled Tuesday Blitz November 07 Late 2023"]
[White "Chemin, Justo Reinaldo"]
[Black "Eggleston, Thomas A"]
[WhiteFideId "2101580"]
[BlackFideId "412139"]
[WhiteElo "2189"]
[BlackElo "2370"]
[Result "0-1"]
[Round "3"]
[TimeControl "180+1"]
[Date "2023.11.07"]
[WhiteClock "0:00:00"]
[BlackClock "0:00:54"]
[Board "151"]

1. d4 e6 2. Nf3 f5 3. h3 Nf6 4. g4 c5 5. g5 Ne4 6. c3 d5 7. Bf4 Nc6 8. e3 Bd6 9. Bxd6 Qxd6 10. Nbd2 O-O 11. Bd3 e5 12. dxe5 Nxe5 13. Bxe4 fxe4 14. Nxe5 Qxe5 15. h4 d4 16. cxd4 cxd4 17. Nc4 Qf5 18. Qd2 d3 19. Nd6 Qf3 20. Rg1 Be6 21. Nxb7 Rac8 22. g6 Rc2 23. gxh7+ Kh8 0-1


[Site "https://www.chess.com"]

[Event "Titled Tuesday Blitz November 07 Late 2023"]
[White "Skaric, Djuro"]
[Black "Silvestre, Christian"]
[WhiteFideId "934569"]
[BlackFideId "30956269"]
[WhiteElo "2368"]
[BlackElo "2198"]
[Result "0-1"]
[Round "3"]
[TimeControl "180+1"]
[Date "2023.11.07"]
[WhiteClock "0:00:40"]
[BlackClock "0:00:15"]
[Board "152"]

1. g3 c5 2. Bg2 Nf6 3. d3 Nc6 4. Nf3 e6 5. O-O d5 6. h3 Be7 7. Nc3 O-O 8. e4 b6 9. g4 Bb7 10. g5 Ne8 11. h4 f6 12. Bh3 Nc7 13. exd5 exd5 14. Re1 Bd6 15. Nxd5 Nxd5 16. Be6+ Kh8 17. Bxd5 Bh2+ 18. Nxh2 Qxd5 19. Qf3 Qd7 20. Qg4 Qd5 21. Qg2 Qxg2+ 22. Kxg2 Nd4+ 23. Kg3 Nxc2 24. Re7 Nxa1 25. Rxb7 Nc2 26. Nf3 Nb4 27. gxf6 Rxf6 28. Bg5 Rf5 29. Kg4 Raf8 30. Ng1 Nxd3 31. f3 Ne5+ 32. Kg3 Nxf3 33. Be7 Nxg1 34. Bxf8 Rxf8 35. Rxa7 Ne2+ 36. Kg4 Nd4 37. Rb7 b5 38. Rd7 h6 39. h5 Kh7 40. Rd5 Rc8 41. b4 Ne6 42. Rd6 Ng5 43. Rb6 cxb4 44. Rxb5 Rc4+ 45. Kf5 Ne4 46. Rb8 Nf6 47. Ke5 Nxh5 48. Kd5 Rg4 49. Ke5 Nf6 50. Kf5 Rg2 51. Rxb4 Rxa2 52. Rb7 Ra5+ 53. Ke6 Rg5 54. Kf7 h5 55. Rb4 Rg4 56. Rb3 Kh6 57. Rb8 Kg5 58. Kxg7 Ne4 59. Rb5+ Kf4+ 60. Kh6 h4 61. Rb1 h3 62. Rh1 Rh4+ 63. Kg6 Kg3 64. Kf5 Kg2 65. Rb1 h2 66. Rb2+ Nf2 67. Kg5 h1=Q 0-1


[Site "https://www.chess.com"]

[Event "Titled Tuesday Blitz November 07 Late 2023"]
[White "Modric, Nesa"]
[Black "Dwilewicz, Katarzyna"]
[WhiteFideId "922579"]
[BlackFideId "1148486"]
[WhiteElo "2169"]
[BlackElo "2367"]
[Result "1-0"]
[Round "3"]
[TimeControl "180+1"]
[Date "2023.11.07"]
[WhiteClock "0:00:08"]
[BlackClock "0:00:25"]
[Board "153"]

1. e4 c5 2. c3 g6 3. d4 Bg7 4. d5 e6 5. Nf3 exd5 6. exd5 d6 7. Bd3 Ne7 8. c4 O-O 9. O-O Bg4 10. h3 Bxf3 11. Qxf3 Nd7 12. Nc3 Ne5 13. Qg3 a6 14. a4 b6 15. Bg5 h6 16. Bd2 Re8 17. Rae1 Nxd3 18. Qxd3 Nf5 19. Rxe8+ Qxe8 20. Re1 Qd8 21. Bf4 Nd4 22. Ne4 Bf8 23. Qd2 Kh7 24. Be3 Bg7 25. Bxd4 Bxd4 26. b3 f5 27. Ng3 Qd7 28. Qe2 Rf8 29. Qe7+ Rf7 30. Qxd7 Rxd7 31. Ne2 Be5 32. f4 Bf6 33. Nc1 Kg7 34. Kf2 Kf7 35. Kf3 h5 36. Nd3 Bh4 37. g3 Bf6 38. Re6 Be7 39. Re1 Rb7 40. Ra1 b5 41. axb5 axb5 42. Ra6 bxc4 43. bxc4 Rb3 44. Ke2 Rc3 45. Ra4 Rc2+ 46. Kf1 Rd2 47. Nf2 Rc2 48. Nd3 h4 49. g4 fxg4 50. hxg4 h3 51. Nf2 h2 52. Ra1 Bh4 53. Ra7+ Kf6 54. Ne4# 1-0


[Site "https://www.chess.com"]

[Event "Titled Tuesday Blitz November 07 Late 2023"]
[White "Becerra, Juan David"]
[Black "Novikova, Margarita"]
[WhiteFideId "4404998"]
[BlackFideId "14109689"]
[WhiteElo "2354"]
[BlackElo "2163"]
[Result "1-0"]
[Round "3"]
[TimeControl "180+1"]
[Date "2023.11.07"]
[WhiteClock "0:00:47"]
[BlackClock "0:00:24"]
[Board "155"]

1. d4 e5 2. dxe5 Nc6 3. Nf3 Qe7 4. Qd5 Nb4 5. Qb3 Nc6 6. Bf4 Qb4+ 7. Qxb4 Nxb4 8. Kd1 f6 9. c3 Nd5 10. Bg3 d6 11. e4 Nb6 12. exd6 Bxd6 13. Bxd6 cxd6 14. Kc2 Ne7 15. Na3 a6 16. Nc4 Nxc4 17. Bxc4 Bd7 18. Rad1 Bc6 19. Rhe1 O-O-O 20. Nd4 Bd7 21. a4 Nc6 22. Nf5 Bxf5 23. exf5 Ne5 24. Be6+ Kb8 25. f4 Nc6 26. Bf7 Rd7 27. Bh5 g6 28. fxg6 hxg6 29. Bxg6 Rxh2 30. Re8+ Ka7 31. Be4 Rh4 32. g3 Rh2+ 33. Kb1 Na5 34. Bf5 Rg7 35. Rxd6 Rxb2+ 36. Ka1 Nc4 37. Rd4 Rxg3 38. Rxc4 Rf2 39. Rb4 Rgg2 40. Re7 Rf1+ 41. Bb1 1-0


[Site "https://www.chess.com"]

[Event "Titled Tuesday Blitz November 07 Late 2023"]
[White "Martinez, Shawn"]
[Black "Ismayilova, Khanim"]
[WhiteFideId "2039770"]
[BlackFideId "13429019"]
[WhiteElo "2351"]
[BlackElo "2157"]
[Result "0-1"]
[Round "3"]
[TimeControl "180+1"]
[Date "2023.11.07"]
[WhiteClock "0:00:00"]
[BlackClock "0:00:46"]
[Board "156"]

1. e4 c5 2. Nc3 Nc6 3. Bb5 g6 4. Bxc6 dxc6 5. f4 Bg7 6. Nf3 Bg4 7. d3 e6 8. O-O Ne7 9. h3 Bxf3 10. Qxf3 c4 11. e5 cxd3 12. cxd3 Qd4+ 13. Be3 Qxd3 14. Rad1 Qc4 15. Rd4 Qa6 16. Ne4 O-O 17. g4 Rad8 18. Rfd1 Rxd4 19. Bxd4 Qxa2 20. Nf6+ Kh8 21. Bc3 Nd5 22. f5 Bxf6 23. exf6 Nxc3 24. bxc3 exf5 25. g5 Re8 26. Qe3 Qe6 27. Qxe6 fxe6 28. Rd7 e5 29. Re7 Rd8 30. f7 Kg7 31. Rxb7 Rf8 32. Rxa7 Rxf7 33. Ra6 Rc7 34. Kf2 Kf7 35. Ke3 Ke6 36. Kd3 Kd5 37. Kd2 e4 38. Ra8 f4 39. Ra5+ c5 40. Ra6 e3+ 41. Ke2 Re7 42. Rf6 Ke4 43. h4 Rd7 0-1


[Site "https://www.chess.com"]

[Event "Titled Tuesday Blitz November 07 Late 2023"]
[White "Hartikainen, Jarmo"]
[Black "Marcziter, Dmitrii"]
[WhiteFideId "503134"]
[BlackFideId "13900765"]
[WhiteElo "2158"]
[BlackElo "2344"]
[Result "0-1"]
[Round "3"]
[TimeControl "180+1"]
[Date "2023.11.07"]
[WhiteClock "0:00:05"]
[BlackClock "0:01:15"]
[Board "157"]

1. e4 c5 2. c3 d5 3. exd5 Qxd5 4. d4 Nf6 5. Nf3 Bg4 6. Be2 e6 7. Na3 cxd4 8. Nb5 Qd8 9. Nbxd4 a6 10. O-O Be7 11. a4 O-O 12. c4 Nbd7 13. Be3 Rc8 14. b3 Qc7 15. Re1 Rfd8 16. Qc1 Nc5 17. Bf4 Bd6 18. Bxd6 Rxd6 19. Qf4 Rcd8 20. b4 Nce4 21. c5 R6d7 22. Qxc7 Rxc7 23. Rac1 Nd5 24. b5 axb5 25. axb5 Ndc3 26. Bc4 Rxc5 27. Bd3 Bxf3 28. Bxe4 Bxe4 29. Re3 Rxd4 0-1


[Site "https://www.chess.com"]